[Event "Titled Tuesday Blitz May 03 Late 2022"]
[White "Sarkar, Justin"]
[Black "Koziorowicz, Michal"]
[WhiteFideId "2010011"]
[BlackFideId "21809194"]
[WhiteElo "2038"]
[BlackElo "2235"]
[Result "1-0"]
[Round "04"]
[TimeControl "180+1"]
[Date "2022.05.03"]
[WhiteClock "0:00:24"]
[BlackClock "0:00:11"]

1. e4 c5 2. Nf3 Nc6 3. Nc3 g6 4. d4 cxd4 5. Nxd4 Bg7 6. Be3 Nf6 7. Bc4 O-O 8. Bb3 a6 9. O-O Qa5 10. f3 b5 11. Qd2 Nxd4 12. Bxd4 Bb7 13. e5 Nd5 14. Rad1 Nxc3 15. Bxc3 b4 16. Bxb4 Qxe5 17. Rfe1 Qxb2 18. Bxe7 Rfe8 19. Qxd7 Rab8 20. Bc5 Rxe1+ 21. Rxe1 h5 22. Qxf7+ Kh7 23. h4 Qc3 24. Bf2 Bc6 25. Re6 Qa1+ 26. Kh2 Be8 27. Rxe8 Rxe8 28. Qxe8 Qf6 29. Qg8+ Kh6 30. Be3+ 1-0


[Site "https://www.chess.com"]

[Event "Titled Tuesday Blitz May 03 Late 2022"]
[White "Senthilkumar, Pranav"]
[Black "Burke, Paul"]
[WhiteFideId "2083477"]
[BlackFideId "2605767"]
[WhiteElo "2441"]
[BlackElo "1849"]
[Result "1-0"]
[Round "04"]
[TimeControl "180+1"]
[Date "2022.05.03"]
[WhiteClock "0:02:07"]
[BlackClock "0:00:43"]

1. Nf3 a6 2. g3 d6 3. Bg2 g6 4. O-O Nd7 5. d4 Bg7 6. c4 h6 7. Nc3 e6 8. d5 e5 9. e4 Ne7 10. Ne1 O-O 11. Nd3 f5 12. Be3 fxe4 13. Nxe4 Nf5 14. Bd2 Nf6 15. c5 Nxe4 16. Bxe4 Nd4 17. Be3 Bh3 18. Re1 Nf5 19. cxd6 cxd6 20. Qb3 Nxe3 21. Rxe3 b5 22. Bxg6 Qf6 23. Be4 Rac8 24. Rae1 Rc4 25. Qd1 Rfc8 26. Qh5 Bd7 27. b3 Rc2 28. Rf3 1-0


[Site "https://www.chess.com"]

[Event "Titled Tuesday Blitz May 03 Late 2022"]
[White "Shimanov, Aleksandr"]
[Black "Nakamura, Hikaru"]
[WhiteFideId "4198603"]
[BlackFideId "2016192"]
[WhiteElo "2636"]
[BlackElo "2850"]
[Result "0-1"]
[Round "04"]
[TimeControl "180+1"]
[Date "2022.05.03"]
[WhiteClock "0:00:01"]
[BlackClock "0:00:19"]

1. d4 g6 2. Nf3 f5 3. Nc3 Nf6 4. Bg5 Bg7 5. h4 d5 6. e3 h6 7. Bf4 O-O 8. Nb5 Na6 9. Ne5 Kh7 10. Bd3 c6 11. Nc3 Nb4 12. Be2 a5 13. a3 Na6 14. Bd3 Ne4 15. Qf3 c5 16. Bxe4 fxe4 17. Qg3 Bf5 18. O-O-O cxd4 19. Rxd4 e6 20. f3 Qc8 21. fxe4 dxe4 22. Nb5 Rg8 23. Nd6 Qf8 24. Nxf5 Qxf5 25. Rd7 Raf8 26. Rhd1 Nc5 27. Rc7 b6 28. Kb1 Qh5 29. Rd4 Rf5 30. Ng4 Kh8 31. Rxg7 Rxg7 32. Rd8+ Rg8 33. Be5+ Kh7 34. Rxg8 Kxg8 35. Nf6+ Rxf6 36. Bxf6 Qd1+ 37. Ka2 Qd5+ 38. Kb1 Kf7 39. Bd4 g5 40. h5 Nd7 41. Qf2+ Ke7 42. Bg7 Qd1+ 43. Ka2 Qxh5 44. c4 Qf7 45. Qxf7+ Kxf7 46. Bd4 e5 47. Bc3 h5 48. b4 a4 49. b5 h4 50. Be1 Kg6 51. Kb2 Kh5 52. Kc3 g4 0-1


[Site "https://www.chess.com"]

[Event "Titled Tuesday Blitz May 03 Late 2022"]
[White "Simonovic, Miroslav"]
[Black "Hoffmann, Asa"]
[WhiteFideId "919152"]
[BlackFideId "2001470"]
[WhiteElo "2043"]
[BlackElo "2117"]
[Result "0-1"]
[Round "04"]
[TimeControl "180+1"]
[Date "2022.05.03"]
[WhiteClock "0:00:12"]
[BlackClock "0:00:36"]

1. d4 Nf6 2. Bg5 e6 3. e4 d6 4. f4 h6 5. Bxf6 Qxf6 6. Qd2 c5 7. e5 dxe5 8. dxe5 Qd8 9. Qxd8+ Kxd8 10. Nc3 a6 11. O-O-O+ Kc7 12. Ne4 Nc6 13. Nf3 Bd7 14. c4 Be7 15. a3 Rhd8 16. Be2 Be8 17. Kc2 Rab8 18. Rxd8 Bxd8 19. Nd6 Be7 20. Nxe8+ Rxe8 21. Rd1 g5 22. g3 g4 23. Ng1 Nd4+ 24. Kc3 h5 25. Bd3 f6 26. Ne2 fxe5 27. fxe5 Nf3 28. Nf4 Bg5 29. Nxh5 Nxe5 30. Nf4 Bxf4 31. gxf4 Nxd3 32. Rxd3 Rf8 33. b4 cxb4+ 34. axb4 Rxf4 35. c5 e5 36. Rd6 Rf2 37. Rg6 Rg2 38. Kc4 e4 39. Kd4 Rxh2 40. Rxg4 Rb2 41. Kc3 Re2 42. Kd4 Kc6 43. Rxe4 Rxe4+ 44. Kxe4 Kb5 45. Kd5 Kxb4 46. c6 bxc6+ 47. Kxc6 a5 48. Kd5 a4 49. Kd4 a3 50. Kd3 Kb3 51. Kd2 Kb2 52. Ke3 a2 0-1


[Site "https://www.chess.com"]

[Event "Titled Tuesday Blitz May 03 Late 2022"]
[White "Skawinski, Arkadiusz"]
[Black "Quesada Perez, Yuniesky"]
[WhiteFideId "1126415"]
[BlackFideId "3504409"]
[WhiteElo "2222"]
[BlackElo "2622"]
[Result "0-1"]
[Round "04"]
[TimeControl "180+1"]
[Date "2022.05.03"]
[WhiteClock "0:00:05"]
[BlackClock "0:00:40"]

1. e4 c5 2. Nf3 e6 3. c3 Nf6 4. e5 Nd5 5. d4 cxd4 6. cxd4 Nc6 7. Bc4 d6 8. O-O Be7 9. Qe2 O-O 10. Qe4 Bd7 11. a3 Rc8 12. Ba2 Na5 13. Re1 Ba4 14. Bxd5 exd5 15. Qg4 Bc2 16. Nc3 Nb3 17. Nxd5 Kh8 18. Bg5 Bxg5 19. Nxg5 Nxa1 20. e6 fxe6 21. Nxe6 Qd7 22. Ne3 Rfe8 23. d5 Nb3 24. h4 Bd3 25. h5 h6 26. Qb4 Nc5 0-1


[Site "https://www.chess.com"]

[Event "Titled Tuesday Blitz May 03 Late 2022"]
[White "Skliarov, Viktor"]
[Black "Perez Rodriguez, Jennifer"]
[WhiteFideId "14106736"]
[BlackFideId "3507831"]
[WhiteElo "2229"]
[BlackElo "2170"]
[Result "1-0"]
[Round "04"]
[TimeControl "180+1"]
[Date "2022.05.03"]
[WhiteClock "0:00:36"]
[BlackClock "0:00:43"]

1. e4 e5 2. Nc3 Nc6 3. Bc4 Nf6 4. d3 Na5 5. Nge2 Nxc4 6. dxc4 Bb4 7. O-O Bxc3 8. Nxc3 d6 9. Bg5 h6 10. Bh4 g5 11. Bg3 Be6 12. c5 Qd7 13. cxd6 cxd6 14. Qd3 O-O 15. Rad1 Rfd8 16. h4 Rac8 17. hxg5 hxg5 18. Qe3 Nh7 19. Bxe5 Qe7 20. Bd4 f6 21. Bxa7 Nf8 22. Bb6 Rd7 23. f4 Bg4 24. Rd2 Ng6 25. Nd5 Qe6 26. fxg5 Rf7 27. Nxf6+ 1-0


[Site "https://www.chess.com"]

[Event "Titled Tuesday Blitz May 03 Late 2022"]
[White "Sliwicki, Damian"]
[Black "Licznerski, Lukasz"]
[WhiteFideId "1127128"]
[BlackFideId "1179250"]
[WhiteElo "2084"]
[BlackElo "2422"]
[Result "0-1"]
[Round "04"]
[TimeControl "180+1"]
[Date "2022.05.03"]
[WhiteClock "0:00:02"]
[BlackClock "0:01:16"]

1. e4 c6 2. Nf3 d5 3. Nc3 Bg4 4. h3 Bh5 5. exd5 cxd5 6. g4 Bg6 7. d4 Nc6 8. Bb5 e6 9. Ne5 Rc8 10. f4 Bb4 11. Be3 Nf6 12. Qe2 Ne4 13. O-O Ng3 14. Qf2 Nxf1 15. Rxf1 Bxc3 16. bxc3 Be4 17. f5 exf5 18. gxf5 O-O 19. Bxc6 bxc6 20. f6 gxf6 21. Ng4 f5 22. Nh6+ Kh8 23. Qg3 Qe7 24. Kh2 Rg8 25. Nxg8 Rxg8 0-1


[Site "https://www.chess.com"]

[Event "Titled Tuesday Blitz May 03 Late 2022"]
[White "Sokolovsky, Yahli"]
[Black "Roux, Baptiste"]
[WhiteFideId "2820242"]
[BlackFideId "36017450"]
[WhiteElo "1770"]
[BlackElo "1935"]
[Result "1-0"]
[Round "04"]
[TimeControl "180+1"]
[Date "2022.05.03"]
[WhiteClock "0:00:41"]
[BlackClock "0:01:58"]

1. b3 d5 2. Bb2 Nf6 3. e3 e6 4. Nf3 Be7 5. d4 O-O 6. Bd3 Nbd7 7. Nbd2 c5 8. O-O b6 9. Ne5 Bb7 10. f4 Ne8 11. Rf3 f6 12. Bxh7+ Kxh7 13. Rh3+ Kg8 14. Ng6 f5 15. Nf3 Nef6 16. Ng5 Nh5 17. Nxe7+ Qxe7 18. Qxh5 1-0


[Site "https://www.chess.com"]

[Event "Titled Tuesday Blitz May 03 Late 2022"]
[White "Stojanovski, Sandi"]
[Black "Turutin, Alexander"]
[WhiteFideId "1403249"]
[BlackFideId "4180623"]
[WhiteElo "2264"]
[BlackElo "2402"]
[Result "1-0"]
[Round "04"]
[TimeControl "180+1"]
[Date "2022.05.03"]
[WhiteClock "0:00:07"]
[BlackClock "0:00:03"]

1. d3 c5 2. Nf3 b6 3. g3 Bb7 4. Bg2 g6 5. O-O Bg7 6. c4 Nf6 7. Nc3 O-O 8. b3 e6 9. Bb2 d5 10. e3 Nbd7 11. Qe2 Qe7 12. Rfd1 Rfd8 13. cxd5 exd5 14. d4 Rac8 15. Rac1 c4 16. bxc4 dxc4 17. Nb5 Qb4 18. a4 Be4 19. Nxa7 Bd3 20. Qd2 Qxd2 21. Nxd2 Ra8 22. Bxa8 Rxa8 23. Nb5 Rxa4 24. Nd6 b5 25. Nxb5 Rb4 26. Ba3 Rxb5 27. Nxc4 Be2 28. Nd6 Ra5 29. Rc8+ Bf8 30. Bb4 Ra6 31. Re1 Bf3 32. e4 Kg7 33. e5 Nd5 34. Ne8+ Kh6 35. Bxf8+ Nxf8 36. Nd6 Ne6 37. Nxf7+ Kg7 38. Nd6 Nxd4 39. h3 Ra2 40. e6 Ne2+ 41. Kh2 Nd4 42. Kg1 Ne2+ 43. Kh2 Ne7 44. Rc7 Kf8 45. Nc8 Nd4 46. Nxe7 Rxf2+ 47. Kg1 Rg2+ 48. Kf1 Rh2 49. Nxg6+ hxg6 50. e7+ 1-0


[Site "https://www.chess.com"]

[Event "Titled Tuesday Blitz May 03 Late 2022"]
[White "Stoleriu, George"]
[Black "Keymer, Vincent"]
[WhiteFideId "1227505"]
[BlackFideId "12940690"]
[WhiteElo "2178"]
[BlackElo "2557"]
[Result "0-1"]
[Round "04"]
[TimeControl "180+1"]
[Date "2022.05.03"]
[WhiteClock "0:00:20"]
[BlackClock "0:01:37"]

1. e4 c6 2. Nf3 d5 3. Nc3 dxe4 4. Nxe4 Nf6 5. Bd3 Nbd7 6. c3 Nxe4 7. Bxe4 Nf6 8. Bc2 Bg4 9. d4 e6 10. Bf4 Qd5 11. h3 Bxf3 12. Qxf3 Qxf3 13. gxf3 O-O-O 14. O-O-O Nh5 15. Be5 Bd6 16. Bxd6 Rxd6 17. Rde1 g6 18. Re4 Rhd8 19. Rhe1 Rd5 20. Re5 Rxe5 21. Rxe5 Rd5 22. Rxd5 cxd5 23. Bd3 Nf4 24. Bf1 g5 25. Kd2 f6 26. Ke3 Kc7 27. h4 h5 28. c4 dxc4 29. Bxc4 Kd6 30. Bf1 b6 31. b3 Nd5+ 32. Kd2 gxh4 33. f4 Nxf4 34. Ke3 Nd5+ 35. Kf3 Nb4 36. a4 f5 37. Kf4 Nc2 38. Kg5 Nxd4 39. b4 Nf3+ 40. Kxh5 Ke5 41. Bg2 Kf4 42. Kg6 e5 43. Kh5 e4 44. Bh1 a5 45. b5 Ne5 46. Kxh4 Nd3 0-1


[Site "https://www.chess.com"]

[Event "Titled Tuesday Blitz May 03 Late 2022"]
[White "Storey, Charles H"]
[Black "Voege, Tobias"]
[WhiteFideId "406686"]
[BlackFideId "1270513"]
[WhiteElo "2263"]
[BlackElo "2297"]
[Result "0-1"]
[Round "04"]
[TimeControl "180+1"]
[Date "2022.05.03"]
[WhiteClock "0:00:16"]
[BlackClock "0:01:45"]

1. e4 c5 2. Nf3 Nc6 3. d4 cxd4 4. Nxd4 g6 5. c4 Bg7 6. Be3 Nf6 7. Nc3 O-O 8. Be2 d6 9. f3 Nxd4 10. Bxd4 a5 11. a4 Bd7 12. O-O Bc6 13. Qd2 Nd7 14. Bxg7 Kxg7 15. Kh1 Qb6 16. f4 Kg8 17. Nd5 Bxd5 18. exd5 Nc5 19. Ra3 Qb4 20. Qd4 Nxa4 21. Re3 Rae8 22. b3 Nc5 23. Rff3 a4 24. bxa4 Qxa4 25. Bd1 Qb4 26. f5 b5 27. fxg6 fxg6 28. h3 Qxc4 29. Rxf8+ Rxf8 30. Qd2 Rf1+ 31. Kh2 Qf4+ 0-1


[Site "https://www.chess.com"]

[Event "Titled Tuesday Blitz May 03 Late 2022"]
[White "Suder, Jakub"]
[Black "Drygalov, Sergey"]
[WhiteFideId "1195310"]
[BlackFideId "24171743"]
[WhiteElo "2058"]
[BlackElo "2514"]
[Result "0-1"]
[Round "04"]
[TimeControl "180+1"]
[Date "2022.05.03"]
[WhiteClock "0:01:16"]
[BlackClock "0:01:53"]

1. d4 Nf6 2. c4 e6 3. Nc3 Bb4 4. f3 c5 5. d5 O-O 6. e4 b5 7. e5 exd5 8. exf6 Qxf6 9. cxd5 Re8+ 10. Ne2 d6 11. Kf2 Nd7 12. Ng3 c4 13. Nge4 Qg6 14. Be3 f5 15. Ng3 f4 16. Bd4 fxg3+ 17. hxg3 a6 18. Rh4 Bc5 19. Rg4 Qh6 20. Ne4 Ne5 21. Rh4 Nd3+ 22. Bxd3 Bxd4+ 23. Kf1 Qe3 0-1


[Site "https://www.chess.com"]

[Event "Titled Tuesday Blitz May 03 Late 2022"]
[White "Svicevic, Rastko"]
[Black "Meduri, Aakaash"]
[WhiteFideId "916315"]
[BlackFideId "2032252"]
[WhiteElo "2132"]
[BlackElo "2096"]
[Result "0-1"]
[Round "04"]
[TimeControl "180+1"]
[Date "2022.05.03"]
[WhiteClock "0:00:55"]
[BlackClock "0:00:20"]

1. e4 d6 2. d4 g6 3. Nc3 Bg7 4. f4 h5 5. Nf3 h4 6. Be3 c6 7. a4 h3 8. g3 Nf6 9. Qd2 Ng4 10. Bg1 a6 11. Ng5 Qc7 12. Nxh3 e5 13. Nf2 exd4 14. Ne2 Ne3 15. Nd1 Nxf1 16. Kxf1 Bh3+ 17. Ke1 Bg2 18. Bxd4 Bxh1 19. Bxg7 Rxh2 20. Nf2 Bg2 21. Ra3 Nd7 22. Ng4 Rh1+ 23. Kf2 Bh3 24. Nf6+ Nxf6 25. Bxf6 Qb6+ 26. Bd4 c5 27. Bf6 Rf1+ 28. Ke3 Bg4 29. Ng1 Rxg1 30. Qh2 Re1+ 0-1


[Site "https://www.chess.com"]

[Event "Titled Tuesday Blitz May 03 Late 2022"]
[White "Taichman, Ori"]
[Black "Suarez Uriel, Adrian"]
[WhiteFideId "2804069"]
[BlackFideId "22230874"]
[WhiteElo "2227"]
[BlackElo "2316"]
[Result "0-1"]
[Round "04"]
[TimeControl "180+1"]
[Date "2022.05.03"]
[WhiteClock "0:00:08"]
[BlackClock "0:00:42"]

1. e4 c5 2. Nf3 Nc6 3. Bb5 g6 4. c3 Nf6 5. e5 Nd5 6. d4 cxd4 7. Ng5 Nxe5 8. Qxd4 Nc7 9. Qxe5 f6 10. Qe2 fxg5 11. Bxg5 Nxb5 12. Qe5 Nd6 13. Qxh8 Nf7 14. Qxh7 Nxg5 15. Qxg6+ Nf7 16. h4 Qb6 17. Qxb6 axb6 18. Na3 d6 19. Nb5 Kd8 20. h5 Bh6 21. g3 Ne5 22. f4 Nd3+ 23. Ke2 Nxb2 24. Kf3 Bd7 25. Nd4 e5 26. Rhb1 Nc4 27. Nb3 exf4 28. gxf4 Kc7 29. Rg1 Rf8 30. Rg6 Bxf4 31. Nd4 Bd2+ 32. Ke2 Bxc3 33. Rc1 Bxd4 34. Rxc4+ Bc5 35. a4 Rf5 36. h6 Rh5 37. Re4 d5 38. Rf4 Bf5 39. Rg7+ Kd6 40. Rxb7 Ke5 41. Rf1 Rxh6 42. Kd2 Rh2+ 43. Kc3 d4+ 44. Kc4 Rc2+ 45. Kb3 Rc3+ 46. Kb2 Ba3+ 47. Ka2 Be6+ 48. Kb1 Rb3+ 49. Kc2 d3+ 50. Kd2 Bb4+ 51. Ke3 d2+ 52. Ke2 Bc4+ 53. Kf2 Bxf1 54. Rxb6 Bc5+ 0-1


[Site "https://www.chess.com"]

[Event "Titled Tuesday Blitz May 03 Late 2022"]
[White "Tang, Andrew"]
[Black "Janaszak, Dawid"]
[WhiteFideId "2059630"]
[BlackFideId "1119206"]
[WhiteElo "2584"]
[BlackElo "2199"]
[Result "1-0"]
[Round "04"]
[TimeControl "180+1"]
[Date "2022.05.03"]
[WhiteClock "0:00:05"]
[BlackClock "0:00:04"]

1. d4 Nf6 2. c4 g6 3. f3 c5 4. d5 b5 5. cxb5 a6 6. e4 d6 7. Nc3 Bg7 8. Be3 O-O 9. a4 e6 10. Bc4 exd5 11. Bxd5 Nxd5 12. Qxd5 Ra7 13. Nge2 Be6 14. Qd2 Bc4 15. O-O axb5 16. Nxb5 Ra6 17. Rfc1 Bb3 18. Nec3 Nd7 19. Ra3 Be6 20. Bh6 Ne5 21. Bxg7 Kxg7 22. Raa1 c4 23. Qd4 Kg8 24. Nd5 Bxd5 25. Qxd5 Nd3 26. Rxc4 Nxb2 27. Rb4 Qb6+ 28. Kh1 Qf2 29. Qb3 Rc8 30. Qxb2 Rc2 31. Qxc2 Qxc2 32. h3 h5 33. Nd4 Qc3 34. Rab1 h4 35. f4 Qg3 36. f5 g5 37. f6 Ra8 38. Nf5 Qf4 39. Rd1 g4 40. hxg4 h3 41. Rb3 hxg2+ 42. Kxg2 Qxe4+ 43. Kh3 Qc2 44. Rbd3 Rxa4 45. Rxd6 Ra3+ 46. Ng3 Qc3 47. Rg1 Qc5 48. Rdd1 Qe3 49. Kh2 Qf2+ 50. Rg2 Qf4 51. Rd5 Rf3 52. Rf5 Qe3 53. Rh5 Rf2 54. Rf5 Rxg2+ 55. Kxg2 Qd2+ 56. Kh3 Qc1 57. Rf3 Qd1 58. Rf2 Qc1 59. Kg2 Qh6 60. Nh5 Qc1 61. Kg3 Qc6 62. Rf3 Qc7+ 63. Nf4 Qc6 64. g5 Qc5 65. Kg4 Qc8+ 66. Kh4 Qc6 67. Rd3 Qe4 68. Kg4 Qe1 69. Kf5 Qb1 70. g6 fxg6+ 71. Kxg6 Qc2 72. f7+ Kf8 73. Ne6+ Ke7 74. f8=Q+ 1-0


[Site "https://www.chess.com"]

[Event "Titled Tuesday Blitz May 03 Late 2022"]
[White "Trost, Edvin"]
[Black "Paravyan, David"]
[WhiteFideId "1729519"]
[BlackFideId "4194985"]
[WhiteElo "2160"]
[BlackElo "2569"]
[Result "0-1"]
[Round "04"]
[TimeControl "180+1"]
[Date "2022.05.03"]
[WhiteClock "0:00:04"]
[BlackClock "0:00:06"]

1. d4 Nf6 2. c4 g6 3. Nc3 d5 4. Bf4 Bg7 5. e3 c5 6. dxc5 Qa5 7. Rc1 dxc4 8. Bxc4 O-O 9. Ne2 Nbd7 10. a3 Qxc5 11. Nb5 Qh5 12. Nc7 b5 13. Ba2 Bb7 14. Nxa8 Bxg2 15. Rg1 Bxa8 16. Ng3 Qxh2 17. Ne2 Qh5 18. Rg5 Qh1+ 19. Rg1 Qh5 20. Ng3 Qh2 21. Ne2 Qh3 22. Rg3 Qh5 23. Rg5 Qh4 24. Rg1 Bf3 25. Bg3 Qh5 26. Qd2 Ne4 27. Qxd7 Bxe2 28. Rc8 Bc4 29. Bxc4 bxc4 30. Rxc4 Qa5+ 31. b4 Qxa3 32. Rxe4 Qb3 33. Rxe7 Qb1+ 34. Ke2 Qxg1 35. Bd6 Qb1 36. Re8 Qc2+ 37. Kf1 Qd1+ 38. Kg2 Qd5+ 39. e4 Qd3 40. Qd8 Qxd6 41. Qxd6 Rxe8 42. f3 Bf8 43. Qa6 Re6 44. Qxa7 Bxb4 45. Qb8+ Bf8 46. Qb3 h5 47. Kh3 Bg7 48. Qd5 Be5 49. Qd8+ Kg7 50. Qd3 Rf6 51. Kg2 Re6 52. Qd5 Bf6 53. Qd3 Bg5 54. Qd5 Bf4 55. Qd8 Rc6 56. Qd4+ Kg8 57. Qd8+ Kg7 58. Qd4+ Kh7 59. e5 Bh6 60. f4 Re6 61. Qd7 Kg8 62. Qc8+ Bf8 63. Qc4 g5 64. fxg5 Rxe5 65. Qf4 Re6 66. Kh3 Rg6 67. Qf5 Be7 68. Qc8+ Kg7 69. Qc3+ Kg8 70. Qc8+ Kg7 71. Qc4 Bxg5 72. Qe2 h4 73. Qe5+ Bf6 74. Qe4 Rg3+ 75. Kh2 Rg6 76. Qf5 Rg5 77. Qd3 Rg3 0-1


[Site "https://www.chess.com"]

[Event "Titled Tuesday Blitz May 03 Late 2022"]
[White "Urbina Perez, Juan Antonio"]
[Black "Keller, Peter"]
[WhiteFideId "2217368"]
[BlackFideId "1272105"]
[WhiteElo "2192"]
[BlackElo "2275"]
[Result "1-0"]
[Round "04"]
[TimeControl "180+1"]
[Date "2022.05.03"]
[WhiteClock "0:00:28"]
[BlackClock "0:00:09"]

1. e4 e5 2. Nf3 Nc6 3. Bc4 Nf6 4. d3 Bc5 5. c3 a6 6. O-O d6 7. Re1 Ba7 8. a4 O-O 9. h3 h6 10. Nbd2 Re8 11. Nf1 Ne7 12. Be3 Ng6 13. Bxa7 Rxa7 14. b4 Be6 15. Bxe6 Rxe6 16. Ng3 Ra8 17. d4 exd4 18. cxd4 Qd7 19. Qc2 Rc8 20. Rac1 Ree8 21. e5 dxe5 22. dxe5 Nd5 23. Red1 c6 24. Qb3 Qe7 25. Re1 Qxb4 26. Qc2 b5 27. axb5 axb5 28. Nf5 Qa4 29. Qxa4 bxa4 30. Nd6 Nb4 31. Nxe8 Rxe8 32. Rc4 Nd3 33. Re3 Ndxe5 34. Nxe5 Rxe5 35. Rxe5 Nxe5 36. Rxa4 g5 37. Ra5 f6 38. g3 Kf7 39. g4 Kg6 40. Kg2 h5 41. f3 hxg4 42. hxg4 Kf7 43. Kf2 Ke6 44. Ra8 Nf7 45. Ke3 Nd6 46. Ra6 Kd5 47. Ra8 Ke6 48. Kd4 f5 49. Rg8 fxg4 50. fxg4 Kf6 51. Rd8 Nf7 52. Kc5 Ne5 53. Rd4 Ke6 54. Re4 Kf6 55. Kd6 Ng6 56. Re6+ Kf7 57. Re4 Kf6 58. Kxc6 Ne5+ 59. Kd5 Ng6 60. Re6+ Kf7 61. Ra6 Kg7 62. Ke6 Nf4+ 63. Kf5 1-0


[Site "https://www.chess.com"]

[Event "Titled Tuesday Blitz May 03 Late 2022"]
[White "Vlassov, Nikolai"]
[Black "Bortnyk, Olexandr"]
[WhiteFideId "4103360"]
[BlackFideId "14120828"]
[WhiteElo "2407"]
[BlackElo "2723"]
[Result "0-1"]
[Round "04"]
[TimeControl "180+1"]
[Date "2022.05.03"]
[WhiteClock "0:00:11"]
[BlackClock "0:01:18"]

1. e4 d6 2. f4 Nf6 3. Nc3 Nbd7 4. Nf3 e5 5. Bc4 Be7 6. d4 exd4 7. Qxd4 O-O 8. Be3 c6 9. O-O Ng4 10. Nd1 d5 11. exd5 Bc5 12. Qxc5 Nxc5 13. Bxc5 cxd5 14. Bxf8 dxc4 15. Bc5 b6 16. Bd4 Bb7 17. c3 Qd6 18. h3 Nf6 19. Ne5 Nd5 20. Nxc4 Qh6 21. Nde3 Nxf4 22. Rf2 Re8 23. Raf1 Bxg2 24. Rxf4 Bxf1 25. Rxf1 Qxh3 26. Nf5 Re2 0-1


[Site "https://www.chess.com"]

[Event "Titled Tuesday Blitz May 03 Late 2022"]
[White "Vypkhaniuk, Ihor"]
[Black "Wachinger, Guenther"]
[WhiteFideId "14112256"]
[BlackFideId "4604261"]
[WhiteElo "2346"]
[BlackElo "2212"]
[Result "1-0"]
[Round "04"]
[TimeControl "180+1"]
[Date "2022.05.03"]
[WhiteClock "0:00:26"]
[BlackClock "0:00:01"]

1. d4 Nf6 2. Nf3 c5 3. c4 cxd4 4. Nxd4 e5 5. Nb5 d5 6. cxd5 Bc5 7. N5c3 O-O 8. h3 e4 9. g4 Re8 10. Bg2 e3 11. Bxe3 Bxe3 12. fxe3 Qb6 13. Qd2 Nbd7 14. Na3 Ne5 15. O-O-O Bd7 16. Kb1 Rac8 17. Rhf1 h6 18. Rf4 Ng6 19. Rd4 Qd6 20. Ne4 Nxe4 21. Bxe4 Ne5 22. Bf5 b5 23. Bxd7 Qxd7 24. d6 a6 25. Rc1 Rc6 26. Rxc6 Nxc6 27. Rd5 Ne5 28. Qd4 f6 29. b3 Nc6 30. Qd2 Re6 31. Nc2 Kf7 32. Qd3 g6 33. h4 Ne5 34. Qd4 Nc6 35. Qc5 Re5 36. h5 gxh5 37. gxh5 Rxd5 38. Qxd5+ Kg7 39. Nd4 Nb4 40. Nf5+ Kh7 41. Qe4 Kg8 42. Ne7+ Kf7 43. Qxb4 Qh3 44. Qd2 Qf1+ 45. Kb2 Qf5 46. Qd5+ 1-0


[Site "https://www.chess.com"]

[Event "Titled Tuesday Blitz May 03 Late 2022"]
[White "Wagner, Dennis"]
[Black "Mortazavi, Ali"]
[WhiteFideId "24650684"]
[BlackFideId "401323"]
[WhiteElo "2355"]
[BlackElo "2339"]
[Result "1-0"]
[Round "04"]
[TimeControl "180+1"]
[Date "2022.05.03"]
[WhiteClock "0:01:15"]
[BlackClock "0:00:28"]

1. d4 Nf6 2. Bg5 Ne4 3. Bf4 d5 4. e3 Bf5 5. Nd2 Nxd2 6. Qxd2 e6 7. Nf3 c5 8. Bb5+ Nc6 9. Ne5 Qb6 10. c4 cxd4 11. exd4 dxc4 12. a4 a6 13. Nxc4 Qd8 14. Bxc6+ bxc6 15. O-O Be7 16. a5 O-O 17. Nb6 Ra7 18. Rfe1 c5 19. d5 exd5 20. Nxd5 Bf6 21. Nxf6+ Qxf6 22. Qd5 Rc8 23. Qxc5 Raa8 24. Qb6 Be6 25. Be5 Qg6 26. Rad1 Bd5 27. Qxg6 1-0


[Site "https://www.chess.com"]

[Event "Titled Tuesday Blitz May 03 Late 2022"]
[White "Weber, Samuel"]
[Black "Wagner, Dinara"]
[WhiteFideId "12924008"]
[BlackFideId "24157570"]
[WhiteElo "2215"]
[BlackElo "2216"]
[Result "0-1"]
[Round "04"]
[TimeControl "180+1"]
[Date "2022.05.03"]
[WhiteClock "0:00:21"]
[BlackClock "0:00:34"]

1. b3 e5 2. Bb2 Nc6 3. g3 Nf6 4. Bg2 d5 5. d3 Bd6 6. Nd2 O-O 7. e3 Bg4 8. Ne2 h6 9. h3 Bf5 10. O-O Qd7 11. Kh2 Rfe8 12. Nf3 Bh7 13. c4 Rad8 14. cxd5 Nxd5 15. a3 Qe6 16. Rc1 e4 17. dxe4 Bxe4 18. Rxc6 bxc6 19. Nfd4 Qg6 20. Bxe4 Qxe4 21. Qb1 Qxb1 22. Rxb1 c5 23. Nf5 Be5 24. Bxe5 Rxe5 25. g4 Nb6 26. Kg3 g6 27. Nh4 Rd2 28. Kf3 Re6 29. Nc3 Rf6+ 30. Kg3 Rfxf2 31. Ne4 Rfe2 32. Nxd2 Rxd2 33. Nf3 Re2 34. Re1 Rb2 35. Rc1 Rxb3 36. Rxc5 Rxe3 37. Rc6 Rxa3 38. Rxc7 a5 39. Rb7 Nc4 40. Kf4 a4 41. Nd4 Rxh3 42. Rb4 g5+ 43. Kf5 Ne3+ 44. Kf6 Nxg4+ 45. Ke7 Re3+ 46. Kd6 a3 47. Nf5 Re6+ 48. Kd7 Ne5+ 49. Kd8 Nc6+ 0-1


[Site "https://www.chess.com"]

[Event "Titled Tuesday Blitz May 03 Late 2022"]
[White "Winkels, Marcel"]
[Black "Moral Garcia, Serafin"]
[WhiteFideId "1003887"]
[BlackFideId "2201925"]
[WhiteElo "1900"]
[BlackElo "2228"]
[Result "1-0"]
[Round "04"]
[TimeControl "180+1"]
[Date "2022.05.03"]
[WhiteClock "0:00:06"]
[BlackClock "0:00:19"]

1. d4 Nf6 2. Nc3 d5 3. Bf4 g6 4. e3 Bg7 5. Be2 O-O 6. h4 h5 7. Qd2 Nbd7 8. O-O-O c5 9. f3 e6 10. g4 a6 11. Nh3 Re8 12. Bg5 Qa5 13. Nf4 hxg4 14. fxg4 Nh7 15. Nh3 Nxg5 16. hxg5 b5 17. Kb1 Nb6 18. Rdf1 Nc4 19. Bxc4 bxc4 20. Nf4 e5 21. Nfxd5 exd4 22. Nf6+ Kf8 23. exd4 Rd8 24. d5 Rb8 25. Rh7 Qb4 26. b3 cxb3 27. axb3 Bxg4 28. Nxg4 Qxg4 29. Qf2 Rb7 30. Rxg7 Qd7 31. Qf6 Rb6 32. Qe5 Re8 33. Qh2 Kxg7 34. Qh6+ Kg8 35. Rh1 f5 36. Qh8+ Kf7 37. Rh7# 1-0


[Site "https://www.chess.com"]

[Event "Titled Tuesday Blitz May 03 Late 2022"]
[White "Xiong, Jeffery"]
[Black "Kamsky, Gata"]
[WhiteFideId "2047640"]
[BlackFideId "2000024"]
[WhiteElo "2727"]
[BlackElo "2645"]
[Result "1-0"]
[Round "04"]
[TimeControl "180+1"]
[Date "2022.05.03"]
[WhiteClock "0:00:11"]
[BlackClock "0:00:09"]

1. e4 e5 2. Nf3 Nc6 3. Nc3 Nf6 4. d4 exd4 5. Nxd4 Bb4 6. Nxc6 bxc6 7. Bd3 d5 8. exd5 cxd5 9. O-O O-O 10. h3 c6 11. Qf3 h6 12. Bf4 Bd6 13. Rfe1 Be6 14. Ne2 c5 15. Rad1 Rb8 16. b3 Re8 17. c3 a5 18. Bc2 Rb6 19. Bxd6 Rxd6 20. Nf4 d4 21. Nxe6 Rexe6 22. Rxe6 Rxe6 23. Bd3 Qb6 24. Bc4 Re8 25. cxd4 cxd4 26. Qf4 Rd8 27. Qe5 Kf8 28. Rd3 Qa7 29. Rf3 Qb6 30. Rd3 Qa7 31. Kf1 Qb6 32. a4 Qa7 33. Rf3 Qb6 34. Qb5 Qc7 35. b4 axb4 36. Qxb4+ Kg8 37. Kg1 Rb8 38. Bb5 Qc1+ 39. Kh2 Qc7+ 40. g3 Rd8 41. Rd3 Qe5 42. Bc6 h5 43. Bf3 h4 44. a5 hxg3+ 45. fxg3 Rb8 46. Qd2 Rb1 47. Rxd4 Qb5 48. Be2 Qb2 49. Rd8+ Kh7 50. Bd3+ g6 51. Bxb1 Qxb1 52. a6 1-0


[Site "https://www.chess.com"]